 Dungeon Crawl Stone Soup version 0.30-a0-618-gd6c86c23d0 (webtiles) character file.

Game seed: 9501492810443067058

821 HoaS the Skirmisher (level 7, 0/40 HPs)
             Began as a Gargoyle Hunter on Jan 9, 2023.
             Was an Initiate of Zin.
             Slain by an ice beast (10 damage)
             ... on level 5 of the Dungeon.
             The game lasted 00:09:22 (3441 turns).

HoaS the Skirmisher (Gargoyle Hunter)               Turns: 3441, Time: 00:09:23

Health: 0/40       AC:  9    Str: 15    XL:     7   Next: 95%
Magic:  0/9        EV: 11    Int:  9    God:    Zin [......]
Gold:   200        SH:  0    Dex: 15    Spells: 6/6 levels left

rFire   . . .      SeeInvis .    a - +1 shortbow
rCold   . . .      Faith    .    (shield currently unavailable)
rNeg    + + .      Spirit   +    c - +0 leather armour
rPois   ∞          Reflect  .    (no helmet)
rElec   +          Harm     .    (no cloak)
rCorr   .          Rampage  .    (no gloves)
Will    +....                    n - +1 pair of boots
Stlth   ++                       h - amulet of guardian spirit
HPRegen 0.26/turn                g - ring of positive energy
MPRegen 0.11/turn                m - ring of willpower

@: about to teleport
A: sickness immunity, AC +4, negative energy resistance 1, electricity
resistance, torment resistance 1, petrification resistance
a: Renounce Religion, Donate Gold


You were on level 5 of the Dungeon.
You worshipped Zin.
Zin was noncommittal.
You visited 1 branch of the dungeon, and saw 5 of its levels.

You collected 222 gold pieces.
You donated 22 gold pieces to Zin.

Inventory:

Hand Weapons
 a - a +1 shortbow (weapon)
Armour
 c - a +0 leather armour (worn)
 n - a +1 pair of boots (worn)
Jewellery
 g - a ring of positive energy (left hand)
 h - an amulet of guardian spirit (around neck)
 m - a ring of willpower (right hand)
Wands
 p - a wand of flame (16)
Scrolls
 b - a scroll of immolation
 d - a scroll of fog
 e - 2 scrolls of teleportation
Potions
 f - a potion of ambrosia
 i - 3 potions of curing
 k - a potion of resistance {unknown}


   Skills:
 - Level 2.1 Fighting
 * Level 9.1 Ranged Weapons
 - Level 1.5 Dodging
 - Level 1.1 Stealth
 - Level 3.0 Invocations


You had 6 spell levels left.
You didn't know any spells.
Your spell library contained the following spells:

 Spells                   Type           Power      Damage    Failure   Level
 Portal Projectile        Hex/Tloc       0%         N/A       83%         3
 Tukima's Dance           Hex            0%         N/A       83%         3
 Blade Hands              Tmut           0%         N/A       100%        5


Dungeon Overview and Level Annotations

Branches:
Dungeon (5/15)
 Temple: D:4-7

Altars:
Ashenzari
Dithmenos
Qazlal
Ru
Sif Muna
Wu Jian
Zin

Annotations:
D:5 1 transporter, Sigmund


Innate Abilities, Weirdness & Mutations

You are immune to sickness and miasma.
Your stone body is resilient. (AC +4)
You are immune to poison.
You resist negative energy. (rN+)
You are resistant to electric shocks. (rElec)
You are resistant to unholy torment.
You are immune to petrification.


Message History

The ice beast is severely wounded.
The ice beast completely misses you.
The orc priest begins to cast a cantrip, but forgets the words!
You shoot an arrow.
The arrow hits the ice beast but does no damage.
The ice beast is severely wounded.
The ice beast hits you but does no damage.
The orc priest casts a cantrip, but nothing happens.
You shoot an arrow. The arrow hits the ice beast.
The ice beast is severely wounded.
You hear a shout!
The ice beast closely misses you.
You shoot an arrow. The arrow hits the ice beast.
The ice beast is almost dead.
The ice beast hits you but does no damage. x2
The iguana bites you but does no damage.
You shoot an arrow.
The arrow hits the ice beast but does no damage.
The ice beast is almost dead.
The iguana bites you but does no damage.
The ice beast hits you. The ice beast freezes you!
As you read the scroll of teleportation, it crumbles to dust.
You feel strangely unstable. The iguana misses you.
The ice beast hits you but does no damage.
You shoot an arrow.
The arrow hits the ice beast but does no damage.
The ice beast is almost dead.
Sigmund closely misses you. The iguana bites you!
The ice beast hits you but does no damage.
The orc priest looks encouraged for a moment.
You shoot an arrow. The arrow barely misses the ice beast.
The arrow hits the orc priest!
You kill the orc priest!
The iguana closely misses you. The ice beast barely misses you.
You shoot an arrow.
The arrow completely misses the ice beast.
Sigmund hits you but does no damage. The iguana bites you.
* * * LOW HITPOINT WARNING * * *
The ice beast hits you. The ice beast freezes you!
You die...

.... #.......#.#
..#...#....##.#.#
#..###.###.###.#
...# ##.#.## #.###
#... #.#o## #..
###.. #.###Y## .###
......# ##.## .....
#...# ####.#...###
#<..# #.@Y)......#
#...####l#####.....
#####......@.# ####
.............#
.............#
.............#
####...####.#
#..!.....#
#...######


You could see an ice beast, Sigmund and an iguana.

Vanquished Creatures
  A black bear (D:3)
  2 phantoms
  3 scorpions
  2 orc priests
  A hound (D:4)
  An iguana (D:4)
  Ijyb (D:3)
  Natasha (thrice) (D:4)
  4 gnolls (D:3)
  6 adders
  2 worms
  3 dart slugs
  10 orcs
  7 ball pythons
  7 endoplasms
  5 giant cockroaches
  5 goblins
  4 hobgoblins
  7 jackals (D:3)
  7 quokkas
  6 bats
  2 frilled lizards
  4 kobolds (D:2)
  4 rats
97 creatures vanquished.

Notes
Turn   | Place    | Note
-------+----------+-------------------------------------------
     0 | D:1      | HoaS the Gargoyle Hunter began the quest for the Orb.
     0 | D:1      | Reached XP level 1. HP: 12/12 MP: 1/1
   174 | D:1      | Reached XP level 2. HP: 12/17 MP: 2/2
   839 | D:2      | Reached XP level 3. HP: 21/21 MP: 3/3
   861 | D:2      | Reached skill level 5 in Ranged Weapons
  1205 | D:2      | Reached XP level 4. HP: 26/26 MP: 4/4
  1779 | D:3      | Reached skill level 6 in Ranged Weapons
  1839 | D:3      | Found a faded altar of an unknown god.
  1933 | D:3      | Noticed a black bear
  1994 | D:3      | Reached XP level 5. HP: 27/30 MP: 3/5
  2151 | D:3      | Noticed a phantom
  2162 | D:3      | Killed a phantom
  2163 | D:3      | Reached skill level 7 in Ranged Weapons
  2163 | D:3      | Reached XP level 6. HP: 32/35 MP: 6/6
  2311 | D:3      | Noticed Ijyb
  2337 | D:3      | Killed Ijyb
  2417 | D:3      | Found an ornate altar of the Wu Jian Council.
  2423 | D:3      | Found a glowing silver altar of Zin.
  2427 | D:3      | Became a worshipper of Zin the Law-Giver
  2427 | D:3      | Reached * piety under Zin
  2432 | D:3      | Found a shimmering blue altar of Sif Muna.
  2439 | D:3      | Found a sacrificial altar of Ru.
  2444 | D:3      | Found a stormy altar of Qazlal.
  2452 | D:3      | Found a shadowy altar of Dithmenos.
  2457 | D:3      | Found a broken altar of Ashenzari.
  2488 | D:3      | Killed a black bear
  2489 | D:3      | Reached skill level 1 in Invocations
  2590 | D:4      | Identified the +0 scale mail "Mucesas" {rC+}
  2646 | D:4      | Noticed Natasha
  2657 | D:4      | Killed Natasha
  2716 | D:4      | Reached skill level 8 in Ranged Weapons
  2716 | D:4      | Reached XP level 7. HP: 35/40 MP: 6/8
  2880 | D:4      | Noticed Natasha
  2888 | D:4      | Killed Natasha
  3114 | D:4      | Noticed Natasha
  3123 | D:4      | Killed Natasha
  3298 | D:5      | Entered Level 5 of the Dungeon
  3314 | D:5      | Found a transporter.
  3402 | D:5      | Noticed Sigmund
  3427 | D:5      | Reached skill level 9 in Ranged Weapons
  3441 | D:5      | Slain by an ice beast

Illustrated notes

Levels and vault maps discovered:
D:1:      reono_arrival_forest_river, layout_loops_ring
D:2:      minmay_recursive_quarters, layout_loops_ring, minmay_pentomino_r2
D:3:      minmay_wonky_spiral, layout_rooms, grunt_temple_overflow_octagram,
          shapermc_ecumenical_altar_ellora, uniq_ijyb
D:4:      layout_loops_cross, chequers_garden, nrook_mini_vaults, uniq_natasha
D:5:      gammafunk_steamed_eel, layout_loops_cross, st_stairs_5, uniq_sigmund

Skill      XL: |  1  2  3  4  5  6  7 |
---------------+----------------------+-----
Ranged Weapons | 5 6 7 8 9 |  9.1
Invocations    | 1 3 |  3.0
Fighting       | |  2.1
Dodging        | |  1.5
Stealth        | |  1.1

Action                   |  1- 3 |  4- 6 |  7- 9 || total
-------------------------+-------+-------+-------++-------
 Fire: Shortbow          |    88 |   193 |    73 ||   354
  Use: Scroll            |     3 |     5 |     4 ||    12
Armor: Leather armour    |    12 |    40 |    20 ||    72
Dodge: Dodged            |    23 |    59 |    27 ||   109

Table legend: (Time is in decaauts)
 A = Elapsed time spent in this place.
 B = Non-inter-level travel time spent in this place.
 C = Inter-level travel time spent in this place.
 D = Time resting spent in this place.
 E = Time spent auto-exploring this place.
 F = Levels seen in this place.
 G = Mean time per level.
                   A        B        C        D        E       F      G
               +--------+--------+--------+--------+--------+-----+--------+
         Total |   3525 |   3413 |    112 |    327 |   2305 |   5 |  705.0 |
       Dungeon |   3525 |   3413 |    112 |    327 |   2305 |   5 |  705.0 |
               +--------+--------+--------+--------+--------+-----+--------+

Top non-repeatable levels by time:
     D:3: 1038 daAuts
     D:2: 924 daAuts
     D:4: 745 daAuts
     D:1: 673 daAuts
     D:5: 145 daAuts
